cohdb
Replays
Latest Replays
All Replays
Popular Replays
Top Player Replays
Match Explorer
How It Works
Community
CoH3 Stats
Reddit
Sign in to upload your games and track your stats! →
Sign in with Steam
Match 38894999
Unlisted
Match 38894999
Overview
Messages
Build Orders
End
Scout Squad
Construct Barracks
Selects Advanced Infantry Battlegroup
Selects Advanced Infantry Battlegroup
Riflemen Squad
Riflemen Squad
Grenade Package
Selects Convert to Ranger Squad
Infantry Support Center
Construct Weapon Support Center
Convert to Ranger Squad
STALKER4732
kit.ohume
Devochkin
清里せんめ[Monster™]
午睡红茶
Rambo Bine
0
0
Comments
sign in to comment!
No comments posted yet!